 Dungeon Crawl Stone Soup version 0.30.1-11-g7821555f0a (webtiles) character file.

Game seed: 6919674496860881692

39333 eliilek the Warrior (level 13, -22/130 HPs)
             Began as a Minotaur Fighter on Jan 2, 2024.
             Was an Initiate of Jiyva.
             Annihilated by a manticore (29 damage)
             ... on level 5 of the Lair of Beasts on Jan 3, 2024.
             The game lasted 00:44:03 (18981 turns).

eliilek the Warrior (Minotaur Fighter)             Turns: 18981, Time: 00:44:03

Health: -22/130    AC: 21    Str: 26    XL:     13   Next: 68%
Magic:  0/4        EV: 10    Int:  5    God:    Jiyva [......]
Gold:   2515       SH:  7    Dex: 13    Spells: 12/12 levels left

rFire   + . .        a - +10 hand axe of Qygoal {antimagic, rF+ Will+ Str+3}
rCold   . . .        c - +1 buckler
rNeg    + . .        O - +4 plate armour
rPois   .            D - +0 hat
rElec   .            G - scarf {repulsion}
rCorr   .            M - +0 pair of gloves
SInv    .            (no boots)
Will    +....        m - amulet of guardian spirit Stlth
                     A - ring of positive energy
HPRegen 0.41/turn    (no ring)
MPRegen 0.09/turn

%: repel missiles, guardian spirit
@: mighty, hasted, very quick
A: horns 2, retaliatory headbutt
a: Renounce Religion


You were on level 5 of the Lair of Beasts.
You worshipped Jiyva.
Jiyva was noncommittal.
You visited 4 branches of the dungeon, and saw 21 of its levels.
You also visited: Sewer, Ossuary and Bailey.

You collected 2636 gold pieces.
You paid 121 gold pieces to Gozag.

Inventory:

Hand Weapons
 a - the +10 hand axe of Qygoal (weapon) {antimagic, rF+ Will+ Str+3}
   (You found it in a sewer)

   Str:       It affects your strength (+3).
   rF:        It protects you from fire.
   Will:      It increases your willpower.
 h - a +3 morningstar of freezing
Missiles
 e - 14 poisoned darts
 x - a throwing net
 y - 7 curare-tipped darts
 P - 9 atropa-tipped darts (quivered)
Armour
 c - a +1 buckler (worn)
 D - a +0 hat (worn)
 G - a scarf of repulsion (worn)
 L - a +1 cloak
 M - a +0 pair of gloves (worn)
 O - a +4 plate armour (worn)
Jewellery
 m - an amulet of guardian spirit (around neck)
 A - a ring of positive energy (left hand)
Wands
 n - a wand of quicksilver (10)
 w - a wand of roots (22)
 B - a wand of mindburst (39)
 H - a wand of polymorph (19)
 J - a wand of flame (16)
 Q - a wand of charming (8)
Scrolls
 b - a scroll of noise {unknown}
 f - 3 scrolls of enchant armour
 j - 9 scrolls of teleportation
 p - 4 scrolls of fear
 q - 2 scrolls of identify
 r - a scroll of immolation {unknown}
 s - 2 scrolls of blinking
 t - 2 scrolls of summoning {unknown}
 u - 3 scrolls of magic mapping
 v - 2 scrolls of fog {unknown}
 C - 3 scrolls of vulnerability {unknown}
 E - 4 scrolls of enchant weapon
 I - 2 scrolls of amnesia {unknown}
 K - 2 scrolls of silence {unknown}
Potions
 d - 6 potions of might
 g - 4 potions of flight
 i - 3 potions of invisibility
 k - 2 potions of mutation
 l - 5 potions of curing
 o - 2 potions of ambrosia
 z - 3 potions of haste
 F - 2 potions of resistance
 N - a potion of cancellation


   Skills:
 + Level 16.4 Fighting
 + Level 15.2 Axes
 - Level 2.4(10.2) Maces & Flails
 + Level 13.5 Armour
 - Level 8.0 Dodging
 + Level 9.6 Shields


You had 12 spell levels left.
You didn't know any spells.
Your spell library contained the following spells:

 Spells                   Type           Power      Damage    Failure   Level
 Necrotise                Necr           0%         1d4       99%         1
 Ignite Poison            Fire/Tmut/Pois 0%         N/A       100%        3
 Vampiric Draining        Necr           0%         2d6       100%        3
 Animate Dead             Necr           0%         N/A       100%        4
 Sticky Flame             Conj/Fire      0%         2d3       100%        4
 Summon Lightning Spire   Summ/Air       0%         N/A       100%        4
 Agony                    Necr           0%         N/A       100%        5
 Borgnjor's Vile Clutch   Necr/Erth      0%         N/A       100%        5
 Fireball                 Conj/Fire      0%         3d3       100%        5
 Iskenderun's Battlesphe  Conj           0%         2d6       100%        5
 Conjure Ball Lightning   Conj/Air       0%         3x3d6     100%        6
 Death Channel            Necr           0%         N/A       100%        6
 Orb of Destruction       Conj           0%         9d5       100%        7
 Storm Form               Tmut/Air       0%         N/A       100%        7
 Ignition                 Fire           0%         3d3       100%        8
 Maxwell's Capacitive Co  Air            0%         ∞         100%        8


Dungeon Overview and Level Annotations

Branches:
Dungeon (10/15)            Temple (1/1) D:6            Lair (5/5) D:10
  Swamp (0/4) Lair:2       Spider (0/4) Lair:3        Slime (5/5) Lair:5
    Orc (0/2) D:9           Sewer (visited)         Ossuary (visited)
 Bailey (visited)

Altars:
Ashenzari
Cheibriados
Dithmenos
Elyvilon
Fedhas
Gozag
Hepliaklqana
Kikubaaqudgha
Makhleb
Nemelex Xobeh
Okawaru
Qazlal
Ru
Sif Muna
Trog
Uskayaw
Vehumet
Wu Jian
Xom
Yredelemnul
Zin
The Shining One
Jiyva

Shops:
D:1 [[=

Annotations:
Slime:5 Royal Jelly


Innate Abilities, Weirdness & Mutations

You have a pair of horns on your head.
You reflexively headbutt those who attack you in melee.


Message History

The death yak is lightly wounded.
You hit the death yak but do no damage. The death yak gores you!
The death yak misses you.
A manticore comes into view.
Gozag incites the manticore against you.
The manticore goes berserk!
Okay, then.
You feel very mighty all of a sudden. The death yak gores you!!
The death yak gores you!
The death yak gores you but does no damage.
You feel yourself speed up. You block the death yak's attack.
The death yak gores you!
You slash the death yak!
The death yak is lightly wounded.
You barely miss the death yak. The death yak gores you!
* * * LOW HITPOINT WARNING * * *
You hear a roar!
You hit the death yak. Your headbutt misses the death yak.
The death yak is lightly wounded.
You slash the death yak! The death yak gores you!
* * * LOW HITPOINT WARNING * * *
The death yak gores you but does no damage.
A five-headed hydra comes into view.
Gozag incites the five-headed hydra against you.
The five-headed hydra goes berserk!
The death yak rages.
You hear a roar!
The death yak attacks as you move away! The death yak gores you!
* * * LOW HITPOINT WARNING * * *
Okay, then.
As you read the scroll of fear, it crumbles to dust.
You assume a fearsome visage.
The manticore is unaffected.
The rime drake is unaffected.
The five-headed hydra is unaffected.
The death yak is unaffected.
The death yak looks frightened!
The rime drake looks frightened!
The manticore barely misses you. x2
The manticore closely misses you.
The death yak gores you but does no damage.
You hear a bellow!
The manticore attacks as you move away! The manticore bites you!!
You die...

...##.......#.....##.............
..P##...#...########.............
...##.......##### ##............
....##..#####...# #......."....
....##......#...#####............
...###..........#.##.............
...# #.#.....#...###.............
...# ###...#......###............
...## ##..#####@.###....[....P..
..P.# #### #HY.##............
....# #$. #k..#.............
..### .. #..Y##............ ..##
#.#.#Dk###............ ...#
#......###............ ...#
.k..#....##......!...... ...#
.#.....####............. ...##
...#... ##............


You could see 2 death yaks, a five-headed hydra (berserk, incited), a manticore
(berserk, incited) and 2 rime drakes.

Vanquished Creatures
  4 hydras
  A boulder beetle (Lair:1)
  3 two-headed ogres
  Sonja (Lair:2)
  2 skysharks (Lair:5)
  A bog body (Lair:2)
  A lindwurm (Lair:5)
  Pikel (D:6)
  The ghost of xXxYeetmaster69xXx the Ruffian, a novice TrBe of Trog (D:5)
  15 elephants
  4 black mambas
  7 cane toads
  An unseen horror (D:6)
  3 rime drakes
  A kobold demonologist (D:8)
  10 komodo dragons
  3 polar bears
  A troll (D:10)
  Prince Ribbit (Lair:2)
  2 hornets
  Grinder (D:4)
  9 blink frogs
  5 spriggans (Bailey)
  A shadow (D:10)
  A jumping spider (Lair:3)
  40 yaks
  2 vampires (D:9)
  3 wyverns
  3 basilisks
  A redback (Lair:3)
  4 steam dragons
  Menkaure (D:4)
  5 water moccasins
  3 sky beasts
  6 orc warriors
  2 ice beasts
  2 black bears
  2 ogres
  2 centaurs
  11 wolves
  2 phantoms
  4 lemures (D:6)
  A kobold brigand (D:8)
  11 bullfrogs
  2 gnoll sergeants
  7 scorpions
  6 water moccasin zombies (Ossuary)
  10 wights (D:8)
  11 killer bees
  2 howler monkeys
  5 electric eels
  A gnoll bouda (D:8)
  3 jellies (Lair:5)
  6 orc priests
  Crazy Yiuf (D:4)
  3 hounds
  3 iguanas (D:5)
  3 sleepcaps (D:5)
  6 orc wizards
  2 mummies (Ossuary)
  11 gnolls
  8 adders
  3 shadow imps
  5 white imps
  2 adder zombies (Ossuary)
  5 worms
  7 dart slugs
  33 orcs
  6 ball pythons
  6 endoplasms
  10 giant cockroaches
  3 gnoll zombies (Ossuary)
  6 goblins
  5 hobgoblins
  6 jackals
  10 kobolds
  9 quokkas
  4 bats
  11 frilled lizards
  6 hobgoblin zombies (Ossuary)
  8 kobold zombies (Ossuary)
  4 orc zombies (Ossuary)
  9 rats
433 creatures vanquished.

Vanquished Creatures (others)
  An orc wizard (D:10)
1 creature vanquished.

Grand Total: 434 creatures vanquished

Notes
Turn   | Place    | Note
-------+----------+-------------------------------------------
     0 | D:1      | eliilek the Minotaur Fighter began the quest for the Orb.
     0 | D:1      | Reached XP level 1. HP: 19/19 MP: 0/0
    97 | D:1      | Found Karixen's Antique Armour Boutique.
   110 | D:1      | Reached XP level 2. HP: 27/27 MP: 1/1
   292 | D:1      | Found Joegrem's Jewellery Boutique.
   313 | D:1      | Reached skill level 1 in Dodging
   394 | D:1      | Reached skill level 4 in Fighting
   412 | D:1      | Reached XP level 3. HP: 32/33 MP: 2/2
   434 | D:1      | Found Celez's Antique Armour Shoppe.
   588 | D:2      | Found a glowing silver altar of Zin.
   872 | D:2      | Reached XP level 4. HP: 40/40 MP: 3/3
  1324 | D:3      | Reached skill level 5 in Armour
  1404 | D:3      | Found a glowing drain.
  1426 | Sewer    | Entered a sewer
  1615 | Sewer    | Reached XP level 5. HP: 47/47 MP: 4/4
  1697 | Sewer    | Reached XP level 6. HP: 4/55 MP: 1/5
  1882 | Sewer    | Identified the +10 hand axe of Qygoal {antimagic, rF+ Will+
                  | Str+3}
  2206 | D:3      | Reached skill level 5 in Shields
  2215 | D:3      | Reached skill level 1 in Axes
  2772 | D:4      | Reached skill level 5 in Fighting
  2803 | D:4      | You fall into a shaft and drop 2 floors!
  2863 | D:5      | Entered Level 5 of the Dungeon
  2883 | D:5      | Found a runed translucent door.
  2883 | D:5      | Noticed xXxYeetmaster69xXx's ghost (novice TrBe)
  2910 | D:5      | Found a sand-covered staircase.
  2919 | Ossuary  | Entered an ossuary
  3002 | Ossuary  | Reached XP level 7. HP: 58/61 MP: 2/6
  3358 | D:4      | Noticed Menkaure
  3372 | D:4      | Killed Menkaure
  3373 | D:4      | Reached XP level 8. HP: 70/70 MP: 2/7
  3432 | D:4      | Noticed Grinder
  3442 | D:4      | Killed Grinder
  3443 | D:4      | Reached skill level 6 in Fighting
  3443 | D:4      | Reached skill level 5 in Axes
  3501 | D:4      | Found a runed translucent door.
  3502 | D:4      | Noticed Crazy Yiuf
  3509 | D:4      | Killed Crazy Yiuf
  4752 | D:5      | Reached skill level 5 in Dodging
  4770 | D:5      | Reached XP level 9. HP: 44/78 MP: 2/8
  4982 | D:5      | Killed xXxYeetmaster69xXx's ghost
  4983 | D:5      | Reached skill level 7 in Fighting
  5084 | D:6      | Found a staircase to the Ecumenical Temple.
  5090 | Temple   | Entered the Ecumenical Temple
  5371 | D:6      | Noticed Pikel
  5401 | D:6      | Killed Pikel
  5645 | D:6      | Found a hazy altar of Hepliaklqana.
  5960 | D:6      | Killed an unseen horror
  5961 | D:6      | Reached skill level 8 in Fighting
  6068 | D:7      | Found a flagged portal.
  6088 | Bailey   | Entered a bailey
  6146 | Bailey   | Reached XP level 10. HP: 88/88 MP: 3/9
  6325 | Bailey   | Noticed a two-headed ogre
  6333 | Bailey   | Killed a two-headed ogre
  6334 | Bailey   | Reached skill level 10 in Axes
  6879 | D:7      | Found a transporter.
  7251 | D:7      | Reached skill level 9 in Fighting
  7448 | D:7      | Found a transporter.
  7659 | D:8      | Found an ornate altar of the Wu Jian Council.
  7662 | D:8      | Noticed a two-headed ogre
  7672 | D:8      | Killed a two-headed ogre
  7673 | D:8      | Reached skill level 10 in Armour
  7816 | D:8      | Reached XP level 11. HP: 96/97 MP: 3/10
  7865 | D:8      | Found Riostuo's Tremendous Tomes.
  8063 | D:8      | Found an opulent altar of Gozag.
  8302 | D:8      | Became a worshipper of Gozag Ym Sagoz the Greedy
  8462 | D:9      | Found a bloodstained altar of Trog.
  8505 | D:9      | Found a shadowy altar of Dithmenos.
  8508 | D:9      | Found a blossoming altar of Fedhas.
  8529 | D:9      | Found an ancient bone altar of Kikubaaqudgha.
  8697 | D:9      | Found a snail-covered altar of Cheibriados.
  8775 | D:9      | Found a staircase to the Orcish Mines.
  8784 | D:9      | Reached skill level 10 in Fighting
  9313 | D:10     | Entered Level 10 of the Dungeon
  9443 | D:10     | Noticed a two-headed ogre
  9454 | D:10     | Killed a two-headed ogre
  9808 | D:10     | Found a basalt altar of Yredelemnul.
  9949 | D:10     | Found a staircase to the Lair.
 10238 | Lair:1   | Entered Level 1 of the Lair of Beasts
 10282 | Lair:1   | Reached skill level 11 in Fighting
 10685 | Lair:1   | Reached XP level 12. HP: 98/110 MP: 2/11
 10935 | Lair:1   | Noticed a seven-headed hydra
 11452 | Lair:1   | Killed a 14-headed hydra
 11453 | Lair:1   | Reached skill level 12 in Fighting
 11526 | Lair:1   | Noticed a boulder beetle
 11546 | Lair:1   | Killed a boulder beetle
 12008 | Lair:2   | Reached skill level 13 in Fighting
 12339 | Lair:2   | Noticed an eight-headed hydra
 12347 | Lair:2   | Killed an eight-headed hydra
 12367 | Lair:2   | Found a staircase to the Swamp.
 12656 | Lair:2   | Noticed Prince Ribbit
 12662 | Lair:2   | Killed Prince Ribbit
 12663 | Lair:2   | Reached skill level 14 in Fighting
 12782 | Lair:2   | Noticed Sonja
 12801 | Lair:2   | Killed Sonja
 12899 | Lair:2   | Reached skill level 15 in Fighting
 13915 | Lair:3   | Found a hole to the Spider Nest.
 14988 | Lair:4   | Reached XP level 13. HP: 118/127 MP: 4/12
 15322 | Lair:5   | Entered Level 5 of the Lair of Beasts
 16042 | Lair:5   | Reached skill level 16 in Fighting
 16455 | Lair:5   | Identified the +4 ring mail "Fogg" {Fly rPois}
 16502 | Lair:5   | Found a viscous altar of Jiyva.
 16502 | Lair:5   | Found a staircase to the Slime Pits.
 16884 | Lair:5   | Fell from the grace of Gozag
 16884 | Lair:5   | Became a worshipper of Jiyva Jyss the Shapeless
 16887 | Slime:1  | Entered Level 1 of the Pits of Slime
 16888 | Slime:1  | Noticed an acid blob
 16997 | Slime:1  | Noticed an azure jelly
 17018 | Slime:1  | Noticed a rockslime
 17103 | Slime:1  | Noticed an acid blob
 17193 | Slime:2  | Noticed a quicksilver ooze
 17217 | Slime:2  | Noticed a rockslime
 17282 | Slime:2  | Found a shimmering altar of Xom.
 17282 | Slime:2  | Noticed an acid blob
 17361 | Slime:2  | Noticed an acid blob
 17576 | Slime:3  | Noticed a quicksilver ooze
 17605 | Slime:3  | Noticed an acid blob
 17618 | Slime:3  | Noticed a rockslime
 17785 | Slime:4  | Noticed an acid blob
 17789 | Slime:4  | Noticed an acid blob
 17792 | Slime:4  | Noticed an acid blob
 17968 | Slime:5  | Entered Level 5 of the Pits of Slime
 17980 | Slime:5  | Noticed an acid blob
 17992 | Slime:5  | Noticed an acid blob
 18012 | Slime:5  | Noticed an acid blob
 18019 | Slime:5  | Noticed a rockslime
 18024 | Slime:5  | Noticed the Royal Jelly
 18038 | Slime:5  | Noticed an azure jelly
 18048 | Slime:5  | Noticed an acid blob
 18070 | Slime:5  | Found a viscous altar of Jiyva.
 18076 | Slime:5  | Noticed an acid blob
 18125 | Slime:5  | Noticed an acid blob
 18133 | Slime:5  | Noticed an acid blob
 18133 | Slime:5  | Noticed an acid blob
 18203 | Slime:5  | Noticed an acid blob
 18230 | Slime:5  | Noticed a quicksilver ooze
 18317 | Lair:5   | Reached skill level 15 in Axes
 18981 | Lair:5   | Annihilated by a manticore

Illustrated notes

Levels and vault maps discovered:
D:1:      heliophobic_arrival_glass_houses, layout_basic, serial_shops, shop,
          shop, nicolae_shop_tiny_statue_garden
D:2:      layout_basic, basic_altar
D:3:      layout_basic, cheibrodos_sewer_entry_bend, minmay_between
D:4:      layout_basic, grunt_decor_one_mirror, uniq_menkaure,
          uniq_crazy_yiuf_cottage, uniq_grinder
D:5:      minmay_opposing_rooms, layout_basic, nicolae_ossuary_entry_monument,
          hellmonk_ghost_happy_afterlife, chequers_hall_statues_wall_a,
          kennysheep_minor_cross
D:6:      layout_loops_corners, nzn_hepliaklqana_mist_gate, temple_statues,
          minmay_microvault, uniq_pikel
D:7:      gammafunk_steamed_eel, layout_basic, enter_bailey_5
D:8:      layout_cave_pools, kennysheep_mini, mainiacjoe_overflow_alcove_1,
          nicolae_shop_i_like_big_books, glass_columns_c
D:9:      layout_basic, lemuel_coloured_pillars_altar,
          grunt_temple_overflow_cloverleaf, orc_0_dummy, nzn_life_drinkers
D:10:     layout_loops_ring, mainiacjoe_overflow_paths, lair_entry_dummy,
          wad_dig_loot
Temple:   nicolae_temple_god_jail
Lair:1:   layout_hall_layers, lemuel_fruit_fields, grunt_megastairs_2
Lair:2:   layout_cave_pods, skrybe_swamp_entry_bodies, minivault_11, uniq_sonja,
          uniq_prince_ribbit2
Lair:3:   wad_woods_pond, layout_regular_city, spider_nest_entry_a
Lair:4:   layout_roguey
Lair:5:   hangedman_lair_in_review, layout_layer_cave,
          nicolae_slime_entry_slimehenge
Slime:1:  layout_caves
Slime:2:  nicolae_slime_jelly_donut, layout_caves, basic_altar
Slime:3:  layout_caves, nicolae_slime_getting_an_eyeful
Slime:4:  layout_caves
Slime:5

Skill      XL: |  1  2  3  4  5  6  7  8  9 10 11 12 13 |
---------------+----------------------------------------+-----
Armour         | 4 5 6 7 8 10 11 12 13 | 13.5
Dodging        | 1 2 3 4 5 6 8 |  8.0
Fighting       | 4 5 6 8 9 11 15 16 | 16.4
Shields        | 4 5 6 7 9 |  9.6
Axes           | 2 4 6 9 11 13 14 15 | 15.2
Maces & Flails | |  2.4

Action                     |  1- 3 |  4- 6 |  7- 9 | 10-12 | 13-15 || total
---------------------------+-------+-------+-------+-------+-------++-------
  Melee: Flail             |    81 |   114 |       |       |       ||   195
         Headbutt          |    13 |    20 |    30 |   144 |    74 ||   281
         Hand axe          |       |    57 |   209 |   615 |   247 ||  1128
         Morningstar       |       |       |       |     6 |    12 ||    18
  Throw: Dart              |       |     1 |       |     3 |       ||     4
    Use: Potion            |       |     1 |     1 |     4 |     2 ||     8
         Scroll            |       |     4 |     5 |     7 |     3 ||    19
   Stab: Invisible         |       |       |       |     4 |       ||     4
         Distracted        |       |       |       |     2 |       ||     2
 Armour: Scale mail        |    32 |    95 |    17 |       |       ||   144
         Chain mail        |       |       |    46 |     7 |       ||    53
         Ice dragon scales |       |       |       |    79 |       ||    79
         Plate armour      |       |       |       |   151 |   131 ||   282
  Dodge: Dodged            |    38 |    80 |    70 |   248 |   102 ||   538
         Repelled          |       |       |       |       |     1 ||     1
  Block: Buckler           |    17 |    48 |    57 |   133 |    87 ||   342
